[Event "FIDE Chesscom Grand Swiss 2019"]
[Site "Douglas-Isle of Man"]
[Date "2019.10.15"]
[Round "6.1"]
[White "Howell, David W L"]
[Black "Akobian, Varuzhan"]
[Result "1-0"]
[ECO "E09"]
[WhiteElo "2694"]
[BlackElo "2625"]
[Annotator "RC"]
[PlyCount "70"]
[EventDate "2019.10.10"]
[EventType "swiss"]
[EventCountry "GBR"]
[SourceTitle "playchess.com"]
[Source "ChessBase"]
[SourceQuality "1"]
[TimeControl "40/6000+30:20/3000+30:900+30"]

1. c4 e6 2. g3 d5 3. Bg2 Nf6 4. Nf3 Be7 5. O-O O-O 6. d4 Nbd7 7. Qc2 c6 8. Nbd2 b6 9. e4 Bb7 10. e5 Ne8 11. cxd5 cxd5 12. Re1 Rc8 13. Qd1 Qc7 14. Nb1 b5 15. Bf1 b4 16. a3 a5 17. axb4 axb4 18. Bd3 Qb6 19. Bf4 Nc7 20. Nbd2 Ra8 21. Rc1 Rfc8 22. h4 Ba6 23. Bb1 Nb5 24. Nb3 Rxc1 25. Bxc1 Rc8 26. Ng5 Nf8 27. Qh5 Bxg5 28. Bxg5 Nxd4 29. Be3 Be2 30. Bxd4 Qxd4 31. Qxe2 Qb6 32. Qe3 Qb8 33. h5 Nd7 34. Kg2 h6 35. Nd4 Qa7 1-0

[Event "FIDE Chesscom Grand Swiss 2019"]
[Site "Douglas-Isle of Man"]
[Date "2019.10.15"]
[Round "6.2"]
[White "Volokitin, Andrei"]
[Black "Vallejo Pons, Francisco"]
[Result "1/2-1/2"]
[ECO "B67"]
[WhiteElo "2627"]
[BlackElo "2694"]
[Annotator "RC"]
[PlyCount "75"]
[EventDate "2019.10.10"]
[EventType "swiss"]
[EventCountry "GBR"]
[SourceTitle "playchess.com"]
[Source "ChessBase"]
[SourceQuality "1"]
[TimeControl "40/6000+30:20/3000+30:900+30"]

1. e4 c5 2. Nf3 d6 3. d4 cxd4 4. Nxd4 Nf6 5. Nc3 Nc6 6. Bg5 e6 7. Qd2 a6 8. O-O-O Bd7 9. f4 b5 10. Bxf6 gxf6 11. Kb1 Qb6 12. Nxc6 Bxc6 13. Qe1 Be7 14. Bd3 a5 15. f5 a4 16. a3 b4 17. axb4 Qxb4 18. Nb5 Qxe1 19. Rhxe1 Ra5 20. c4 Rg8 21. g3 Kf8 22. Bf1 Rg4 23. fxe6 fxe6 24. Bh3 Rxe4 25. Bxe6 Rxe1 26. Rxe1 Bxb5 27. cxb5 Rxb5 28. Ka2 Re5 29. Rxe5 dxe5 30. Bd7 Kg7 31. Bxa4 f5 32. Kb3 Bc5 33. Kc4 Bg1 34. h3 h5 35. Bd7 Kf6 36. g4 fxg4 37. hxg4 h4 38. Kd5 1/2-1/2

[Event "FIDE Chesscom Grand Swiss 2019"]
[Site "Douglas-Isle of Man"]
[Date "2019.10.15"]
[Round "6.3"]
[White "Huschenbeth, Niclas"]
[Black "Grandelius, Nils"]
[Result "0-1"]
[ECO "C78"]
[WhiteElo "2624"]
[BlackElo "2691"]
[Annotator "ChessBase"]
[PlyCount "214"]
[EventDate "2019.10.10"]
[EventType "swiss"]
[EventCountry "GBR"]
[SourceTitle "playchess.com"]
[Source "ChessBase"]
[SourceQuality "1"]
[TimeControl "40/6000+30:20/3000+30:900+30"]

1. e4 e5 2. Nf3 Nc6 3. Bb5 a6 4. Ba4 Nf6 5. O-O Bc5 6. c3 b5 7. Bb3 d6 8. a4 b4 9. d4 Ba7 10. h3 O-O 11. Be3 bxc3 12. bxc3 exd4 13. cxd4 Nxe4 14. Bd5 Qe8 15. Qc2 Nb4 16. Qxe4 Qxe4 17. Bxe4 d5 18. Bxh7+ Kxh7 19. Rc1 Bf5 20. g4 Bg6 21. Ne5 Bc2 22. a5 f6 23. Nf3 Bg6 24. Nh4 Bd3 25. Ra3 Rab8 26. Nd2 Rfc8 27. Ng2 Kg8 28. Nf4 Bh7 29. Rb3 c6 30. h4 Kf7 31. Nf3 Na2 32. Rxb8 Bxb8 33. Ra1 Nc3 34. Rc1 Bxf4 35. Rxc3 Bd6 36. Rb3 Rb8 37. Rxb8 Bxb8 38. Kf1 Bc7 39. Bd2 Bd6 40. Ke2 Ke6 41. Bc3 Bb1 42. Ne1 f5 43. f3 g6 44. Nd3 Bxd3+ 45. Kxd3 Bg3 46. h5 gxh5 47. gxh5 Kf6 48. Bd2 Bc7 49. Ke2 f4 50. Kd3 Bd6 51. Be1 Kg5 52. Ke2 Kxh5 53. Kd3 Kg5 54. Kc2 c5 55. dxc5 Bxc5 56. Kd3 Be3 57. Ke2 Kf5 58. Kd3 Ke5 59. Bh4 Bc1 60. Bf2 Bb2 61. Be1 Kd6 62. Bd2 Be5 63. Be1 Kc6 64. Bb4 Kb5 65. Bd2 Ka4 66. Kc2 Ka3 67. Be1 Bd4 68. Kd3 Be3 69. Bh4 Kb4 70. Bd8 Kb5 71. Bc7 Kc6 72. Be5 Kd7 73. Bb8 Ke6 74. Bc7 Bc1 75. Bb8 Kd7 76. Be5 Kc6 77. Kc2 Be3 78. Kd3 Kc5 79. Bb8 Kb4 80. Bc7 Kb5 81. Kc3 Kc6 82. Be5 Kd7 83. Kd3 Ke6 84. Bc7 Kf5 85. Bb6 Bc1 86. Kd4 Ke6 87. Bc7 Bb2+ 88. Kd3 Be5 89. Bb6 Bd6 90. Kd4 Be5+ 91. Kd3 Kd6 92. Bf2 Kc6 93. Be1 Kb5 94. Bd2 Bc7 95. Kd4 Bxa5 96. Bxf4 Kc6 97. Be5 Bb4 98. f4 Bc5+ 99. Kd3 Bd6 100. Kd4 a5 101. Bf6 Bxf4 102. Bd8 Bd2 103. Kd3 Bb4 104. Kd4 a4 105. Kd3 Kb5 106. Kd4 a3 107. Kd3 d4 0-1

[Event "FIDE Chesscom Grand Swiss 2019"]
[Site "Douglas-Isle of Man"]
[Date "2019.10.15"]
[Round "6.4"]
[White "Van Foreest, Jorden"]
[Black "Kamsky, Gata"]
[Result "1/2-1/2"]
[ECO "B31"]
[WhiteElo "2621"]
[BlackElo "2685"]
[Annotator "RC"]
[PlyCount "187"]
[EventDate "2019.10.10"]
[EventType "swiss"]
[EventCountry "GBR"]
[SourceTitle "playchess.com"]
[Source "ChessBase"]
[SourceQuality "1"]
[TimeControl "40/6000+30:20/3000+30:900+30"]

1. e4 c5 2. Nf3 Nc6 3. Bb5 g6 4. Bxc6 bxc6 5. O-O Bg7 6. Re1 Nh6 7. c3 O-O 8. d4 cxd4 9. cxd4 d5 10. e5 f6 11. Qc2 Qb6 12. Bxh6 Bxh6 13. e6 Rb8 14. b3 Qc7 15. Nc3 Qd6 16. Qe2 c5 17. Rad1 Bb7 18. Nb5 Qb6 19. dxc5 Qxc5 20. Nbd4 Rbc8 21. h4 Qa3 22. h5 Ba6 23. Nb5 Qc5 24. a4 Kg7 25. Nfd4 Bxb5 26. axb5 Qd6 27. Qg4 f5 28. Qe2 Bg5 29. Rd3 Bf6 30. hxg6 hxg6 31. Nxf5+ gxf5 32. Rg3+ Qxg3 33. fxg3 Rc3 34. Qd2 d4 35. g4 d3 36. gxf5 Bd4+ 37. Kh2 Rxf5 38. Re4 Rh5+ 39. Kg3 Bf6 40. Rg4+ Kf8 41. b6 axb6 42. Rg6 Rcc5 43. Qxd3 Rcd5 44. Qe4 Rhe5 45. Qf4 Rg5+ 46. Rxg5 Rxg5+ 47. Kf3 Kg7 48. Qb4 b5 49. Qd2 Rf5+ 50. Kg4 Re5 51. Qd7 Kg6 52. Qe8+ Kh6 53. Kf4 Rg5 54. Ke4 Re5+ 55. Kd3 Kg5 56. Qc6 Kf5 57. Kd2 Kg5 58. Qf3 Kg6 59. Kc2 Kg5 60. Qg3+ Kf5 61. Qh3+ Kg5 62. Qf3 Kg6 63. Qg4+ Kh6 64. Qg3 Rh5 65. Qe3+ Kg7 66. Qe1 Rg5 67. Qf1 Re5 68. Kb1 Kf8 69. Ka2 b4 70. Kb1 Rxe6 71. Qf4 Re1+ 72. Kc2 Re2+ 73. Kd3 Rxg2 74. Qxb4 Rg3+ 75. Ke2 Be5 76. Qb7 Rg6 77. Qe4 Rg5 78. b4 Bd6 79. Qc4 Rg6 80. b5 Bh2 81. Qc8+ Kf7 82. Qf5+ Kg7 83. Qe4 Kf7 84. Qc4+ Kf8 85. Qd3 Re6+ 86. Kf3 Rf6+ 87. Kg4 Bc7 88. Qc4 Rf4+ 89. Qxf4+ Bxf4 90. Kxf4 Ke8 91. Ke5 Kd7 92. b6 Kc6 93. Ke6 Kxb6 94. Kxe7 1/2-1/2

[Event "FIDE Chesscom Grand Swiss 2019"]
[Site "Douglas-Isle of Man"]
[Date "2019.10.15"]
[Round "6.5"]
[White "Ragger, Markus"]
[Black "Vocaturo, Daniele"]
[Result "1/2-1/2"]
[ECO "A84"]
[WhiteElo "2684"]
[BlackElo "2620"]
[Annotator "RC"]
[PlyCount "109"]
[EventDate "2019.10.10"]
[EventType "swiss"]
[EventCountry "GBR"]
[SourceTitle "playchess.com"]
[Source "ChessBase"]
[SourceQuality "1"]
[TimeControl "40/6000+30:20/3000+30:900+30"]

1. d4 e6 2. c4 d5 3. Nf3 c6 4. e3 Bd6 5. Bd3 f5 6. b3 Nf6 7. O-O Qe7 8. Bb2 O-O 9. Nc3 Ne4 10. Ne2 Nd7 11. Rc1 b6 12. cxd5 cxd5 13. Ne5 Bb7 14. Bb5 Nxe5 15. dxe5 Bc5 16. Bd4 Rfc8 17. f3 Ng5 18. Qd2 a5 19. Rc2 Bxd4 20. Rxc8+ Rxc8 21. exd4 Nf7 22. a3 Nd8 23. b4 axb4 24. Qxb4 Qxb4 25. axb4 Kf7 26. Kf2 Ke7 27. Ke3 Bc6 28. Rc1 Bd7 29. Rxc8 Bxc8 30. Nc3 Bd7 31. Be2 Be8 32. b5 Kd7 33. h4 h6 34. Bd3 Nf7 35. Ne2 Nh8 36. Kf2 Ng6 37. Kg3 Ne7 38. Kh3 Nc8 39. g4 g6 40. Kg3 fxg4 41. Kxg4 Ne7 42. Nc3 Nf5 43. Bxf5 gxf5+ 44. Kf4 Kc7 45. Ke3 Kd8 46. Kd2 Kc7 47. Kc2 Bh5 48. f4 Be8 49. Kb3 Kb7 50. Kb4 Kc7 51. Na4 Bd7 52. Nb2 Be8 53. Nd3 Bd7 54. Nb2 Be8 55. Nd3 1/2-1/2

[Event "FIDE Chesscom Grand Swiss 2019"]
[Site "Douglas-Isle of Man"]
[Date "2019.10.15"]
[Round "6.6"]
[White "Aronian, Levon"]
[Black "Dreev, Aleksey"]
[Result "1-0"]
[ECO "B40"]
[WhiteElo "2758"]
[BlackElo "2662"]
[Annotator "RC"]
[PlyCount "51"]
[EventDate "2019.10.10"]
[EventType "swiss"]
[EventCountry "GBR"]
[SourceTitle "playchess.com"]
[Source "ChessBase"]
[SourceQuality "1"]
[TimeControl "40/6000+30:20/3000+30:900+30"]

1. e4 c5 2. Nf3 e6 3. g3 d5 4. exd5 exd5 5. Bg2 Qe7+ 6. Kf1 Nc6 7. d4 Qd8 8. c4 dxc4 9. d5 Nb4 10. Nc3 Nf6 11. Ne5 Bd6 12. Nxc4 Bf5 13. Ne3 Bg6 14. a3 Nd3 15. f4 O-O 16. f5 c4 17. fxg6 fxg6 18. Bf3 Nd7 19. Kg2 N7e5 20. Nxc4 Rxf3 21. Nxe5 Rf2+ 22. Kg1 Qb6 23. Be3 Qxb2 24. Nxd3 Rg2+ 25. Kf1 Rf8+ 26. Bf4 1-0

[Event "FIDE Chesscom Grand Swiss 2019"]
[Site "Douglas-Isle of Man"]
[Date "2019.10.15"]
[Round "6.6"]
[White "Sethuraman, S.P."]
[Black "Rodshtein, Maxim"]
[Result "1-0"]
[ECO "B80"]
[WhiteElo "2624"]
[BlackElo "2684"]
[Annotator "RC"]
[PlyCount "99"]
[EventDate "2019.10.10"]
[EventType "swiss"]
[EventCountry "GBR"]
[SourceTitle "playchess.com"]
[Source "ChessBase"]
[SourceQuality "1"]
[TimeControl "40/6000+30:20/3000+30:900+30"]

1. e4 c5 2. Nf3 d6 3. d4 cxd4 4. Nxd4 Nf6 5. f3 Nc6 6. Nc3 e6 7. Be3 Be7 8. Qd2 a6 9. g4 h6 10. O-O-O Nxd4 11. Qxd4 Qc7 12. h4 b5 13. Be2 e5 14. Qd2 Be6 15. g5 Nh5 16. Rdg1 Rc8 17. Nd5 Bxd5 18. exd5 g6 19. gxh6 O-O 20. Bd3 Kh7 21. Kb1 f5 22. Qg2 Rg8 23. Qh3 Rcf8 24. Rxg6 Kxg6 25. Qg4+ Kh7 26. Bxf5+ Kh8 27. Qxh5 Bd8 28. Bg6 Rf6 29. Be4 Qf7 30. Qxf7 Rxf7 31. a4 bxa4 32. Ka2 Rb7 33. Rh2 a5 34. c3 Rb3 35. Bc2 Rb7 36. Ka3 Rg3 37. Be4 Bb6 38. Bg5 Rg1 39. Bf6+ Kg8 40. h7+ Rxh7 41. Bxh7+ Kxh7 42. Kxa4 Rd1 43. c4 Rd3 44. Kb5 Rb3+ 45. Kc6 Bc5 46. Bd8 a4 47. Bc7 Bd4 48. Bxd6 Bxb2 49. Rxb2 Rxb2 50. Bc5 1-0

[Event "FIDE Chesscom Grand Swiss 2019"]
[Site "Douglas-Isle of Man"]
[Date "2019.10.15"]
[Round "6.7"]
[White "Narayanan.S.L"]
[Black "Berkes, Ferenc"]
[Result "1/2-1/2"]
[ECO "C41"]
[WhiteElo "2611"]
[BlackElo "2667"]
[Annotator "RC"]
[PlyCount "62"]
[EventDate "2019.10.10"]
[EventType "swiss"]
[EventCountry "GBR"]
[SourceTitle "playchess.com"]
[Source "ChessBase"]
[SourceQuality "1"]
[TimeControl "40/6000+30:20/3000+30:900+30"]

1. e4 d6 2. d4 Nf6 3. Nc3 e5 4. Nf3 Nbd7 5. Bc4 Be7 6. O-O O-O 7. a4 c6 8. h3 Re8 9. Re1 h6 10. Be3 exd4 11. Bxd4 Nf8 12. a5 Be6 13. Qd3 Qc7 14. Bb3 N6d7 15. Ne2 Bxb3 16. Qxb3 Ne6 17. c3 Ne5 18. Nxe5 dxe5 19. Be3 Bg5 20. Bxg5 hxg5 21. Ng3 Rad8 22. Red1 g6 23. Nf1 b5 24. axb6 axb6 25. Ne3 Kg7 26. Qa4 b5 27. Qc2 Rxd1+ 28. Rxd1 Rd8 29. Ng4 Rxd1+ 30. Qxd1 f6 31. b4 Nd8 1/2-1/2

[Event "FIDE Chesscom Grand Swiss 2019"]
[Site "Douglas-Isle of Man"]
[Date "2019.10.15"]
[Round "6.8"]
[White "Gelfand, Boris"]
[Black "Adhiban, B.."]
[Result "1/2-1/2"]
[ECO "D12"]
[WhiteElo "2686"]
[BlackElo "2639"]
[Annotator "RC"]
[PlyCount "91"]
[EventDate "2019.10.10"]
[EventType "swiss"]
[EventCountry "GBR"]
[SourceTitle "playchess.com"]
[Source "ChessBase"]
[SourceQuality "1"]
[TimeControl "40/6000+30:20/3000+30:900+30"]

1. d4 d5 2. c4 c6 3. Nf3 Nf6 4. e3 Bf5 5. Nc3 e6 6. Nh4 Be4 7. f3 Bg6 8. Qb3 Qc7 9. Bd2 Be7 10. Rc1 Nbd7 11. g3 dxc4 12. Bxc4 a6 13. a4 c5 14. O-O cxd4 15. exd4 Qd6 16. Be3 Nb6 17. Nxg6 hxg6 18. Ne4 Qd8 19. Be2 Nbd5 20. Bf2 Rb8 21. Nc5 O-O 22. Rc2 a5 23. Qb5 Nb4 24. Rcc1 b6 25. Nd3 Nfd5 26. Ne5 Bf6 27. Qd7 Rc8 28. Bb5 Rc7 29. Rxc7 Qxc7 30. Qxc7 Nxc7 31. Be2 Ncd5 32. Rc1 Na2 33. Rc4 Nab4 34. h4 Be7 35. f4 Rd8 36. Kf1 Bd6 37. Bf3 Ne7 38. Be4 Kf8 39. Ke2 Ke8 40. Rc1 Rb8 41. Be1 Ned5 42. Bd2 Bxe5 43. fxe5 Kd7 44. Rf1 Ke7 45. Rc1 Kd7 46. Rf1 1/2-1/2

[Event "FIDE Chesscom Grand Swiss 2019"]
[Site "Douglas-Isle of Man"]
[Date "2019.10.15"]
[Round "6.8"]
[White "Saric, Ivan"]
[Black "Vovk, Andriy"]
[Result "1-0"]
[ECO "B67"]
[WhiteElo "2667"]
[BlackElo "2618"]
[Annotator "RC"]
[PlyCount "67"]
[EventDate "2019.10.10"]
[EventType "swiss"]
[EventCountry "GBR"]
[SourceTitle "playchess.com"]
[Source "ChessBase"]
[SourceQuality "1"]
[TimeControl "40/6000+30:20/3000+30:900+30"]

1. e4 c5 2. Nf3 Nc6 3. d4 cxd4 4. Nxd4 Nf6 5. Nc3 d6 6. Bg5 e6 7. Qd2 a6 8. O-O-O Bd7 9. f4 b5 10. Bxf6 gxf6 11. Kb1 Qb6 12. Nce2 h5 13. h4 O-O-O 14. Rh3 Kb8 15. Nxc6+ Bxc6 16. Rb3 d5 17. Nd4 Bb7 18. e5 fxe5 19. fxe5 Rg8 20. a4 b4 21. g3 Rg4 22. Be2 Re4 23. Bxh5 Rd7 24. Rf3 Bg7 25. Rxf7 Rxf7 26. Bxf7 Bxe5 27. Nxe6 b3 28. cxb3 Bxg3 29. Nf8 Re7 30. Bxd5 Bc8 31. h5 Bg4 32. Qg5 Qb4 33. Ne6 Re8 34. Nd4 1-0

[Event "FIDE Chesscom Grand Swiss 2019"]
[Site "Douglas-Isle of Man"]
[Date "2019.10.15"]
[Round "6.9"]
[White "Ganguly, Surya Shekhar"]
[Black "Jobava, Baadur"]
[Result "1-0"]
[ECO "B13"]
[WhiteElo "2658"]
[BlackElo "2617"]
[Annotator "RC"]
[PlyCount "69"]
[EventDate "2019.10.10"]
[EventType "swiss"]
[EventCountry "GBR"]
[SourceTitle "playchess.com"]
[Source "ChessBase"]
[SourceQuality "1"]
[TimeControl "40/6000+30:20/3000+30:900+30"]

1. e4 c6 2. d4 d5 3. exd5 cxd5 4. Bd3 Nc6 5. c3 e6 6. Bf4 Nge7 7. Nd2 f6 8. Qe2 Bd7 9. Nb3 b6 10. h4 a5 11. Nd2 a4 12. a3 h5 13. O-O-O Kf7 14. Nh3 b5 15. Nf3 Kg8 16. Kb1 Na5 17. Bxb5 Nc4 18. Ka1 Ng6 19. Bxc4 dxc4 20. Qxc4 Rc8 21. Qd3 Qe8 22. Rhe1 Bb5 23. Qe4 Bc4 24. d5 e5 25. Nd2 Bb5 26. Bg3 Bd7 27. f4 f5 28. Qb1 e4 29. d6 Rh6 30. Ng5 Nh8 31. Ndxe4 fxe4 32. Qa2+ Be6 33. d7 Qxd7 34. Rxd7 Bxa2 35. Kxa2 1-0

[Event "FIDE Chesscom Grand Swiss 2019"]
[Site "Douglas-Isle of Man"]
[Date "2019.10.15"]
[Round "6.12"]
[White "Motylev, Alexander"]
[Black "Nihal Sarin"]
[Result "1/2-1/2"]
[ECO "C54"]
[WhiteElo "2651"]
[BlackElo "2610"]
[Annotator "RC"]
[PlyCount "87"]
[EventDate "2019.10.10"]
[EventType "swiss"]
[EventCountry "GBR"]
[SourceTitle "playchess.com"]
[Source "ChessBase"]
[SourceQuality "1"]
[TimeControl "40/6000+30:20/3000+30:900+30"]

1. e4 e5 2. Nf3 Nc6 3. Bc4 Bc5 4. d3 Nf6 5. c3 O-O 6. Nbd2 d6 7. O-O a6 8. Bb3 Ba7 9. h3 Ne7 10. Re1 Ng6 11. Nf1 h6 12. Ng3 Re8 13. d4 Be6 14. Bc2 c6 15. Be3 Qc7 16. a4 a5 17. Bd3 Rad8 18. Qc2 Bb8 19. Rad1 Qc8 20. dxe5 dxe5 21. b4 axb4 22. cxb4 Bd6 23. Qb2 Qc7 24. b5 Ra8 25. Ra1 cxb5 26. axb5 Rxa1 27. Rxa1 Qe7 28. b6 Rd8 29. Bf1 Kh7 30. Ra7 Bb8 31. Ra5 Kg8 32. Kh2 Rc8 33. Ra8 Bd6 34. Qa1 Rxa8 35. Qxa8+ Kh7 36. Kg1 Qd7 37. Kh2 Ne7 38. Qa1 Ng6 39. Qc3 Qa4 40. Nd2 Qb4 41. Qxb4 Bxb4 42. Nc4 Nd7 43. Nf5 Bxf5 44. exf5 1/2-1/2

[Event "FIDE Chesscom Grand Swiss 2019"]
[Site "Douglas-Isle of Man"]
[Date "2019.10.15"]
[Round "6.16"]
[White "Mamedov, Rauf"]
[Black "Artemiev, Vladislav"]
[Result "1/2-1/2"]
[ECO "B22"]
[WhiteElo "2645"]
[BlackElo "2746"]
[Annotator "ChessBase"]
[PlyCount "82"]
[EventDate "2019.10.10"]
[EventType "swiss"]
[EventCountry "GBR"]
[SourceTitle "playchess.com"]
[Source "ChessBase"]
[SourceQuality "1"]
[TimeControl "40/6000+30:20/3000+30:900+30"]

1. e4 c5 2. c3 d5 3. exd5 Qxd5 4. d4 Nf6 5. Nf3 e6 6. Bd3 Be7 7. Be3 O-O 8. O-O b6 9. c4 Qd8 10. dxc5 Bxc5 11. Bxc5 bxc5 12. Nc3 Bb7 13. Qe2 Qe7 14. Rad1 Nc6 15. Bb1 Rad8 16. Qe3 Nb8 17. Ne5 Qc7 18. h3 h6 19. Rfe1 Ba8 20. b3 Qb7 21. Nf3 Qb4 22. Ne5 Qb7 23. f3 Qc7 24. Nb5 Qb6 25. Nc3 Rd4 26. Na4 Qd6 27. Bc2 Na6 28. Nd3 Rd8 29. Ndxc5 Nxc5 30. Rxd4 Qxd4 31. Qxd4 Rxd4 32. Nxc5 Rd2 33. Bb1 g5 34. Nd3 Nh5 35. Nf2 Nf4 36. Kf1 Kg7 37. Rc1 f5 38. Rc2 Rd8 39. Rc3 Rd2 40. Rc2 Rd8 41. Rc3 Rd2 1/2-1/2

[Event "FIDE Chesscom Grand Swiss 2019"]
[Site "Douglas-Isle of Man"]
[Date "2019.10.15"]
[Round "6.18"]
[White "Svidler, Peter"]
[Black "Lupulescu, Constantin"]
[Result "1/2-1/2"]
[ECO "C02"]
[WhiteElo "2729"]
[BlackElo "2643"]
[Annotator "ChessBase"]
[PlyCount "142"]
[EventDate "2019.10.10"]
[EventType "swiss"]
[EventCountry "GBR"]
[SourceTitle "playchess.com"]
[Source "ChessBase"]
[SourceQuality "1"]
[TimeControl "40/6000+30:20/3000+30:900+30"]

1. e4 e6 2. d4 d5 3. e5 c5 4. c3 Nc6 5. Nf3 Qb6 6. a3 Bd7 7. b4 cxd4 8. cxd4 Rc8 9. Bb2 Nge7 10. Qd2 Nf5 11. g4 Nh6 12. Rg1 f6 13. exf6 gxf6 14. Nc3 Nf7 15. h4 Ne7 16. Bd3 Bg7 17. Ne2 e5 18. dxe5 fxe5 19. Nf4 Rf8 20. g5 d4 21. g6 Bh6 22. gxf7+ Rxf7 23. Nxe5 Rxf4 24. Qe2 Rxh4 25. Bxh7 Bb5 26. Bd3 Bxd3 27. Nxd3 Rc6 28. Nc5 Rg6 29. Rf1 Qc6 30. Qd3 b6 31. Nb3 Qe6+ 32. Kd1 Rh3 33. Qb5+ Kf8 34. Nxd4 Qe4 35. f3 Qf4 36. Qe2 Rh2 37. Rf2 Rh1+ 38. Kc2 Rxa1 39. Bxa1 Qc1+ 40. Kb3 Qxa1 41. Qe4 Qd1+ 42. Ka2 Rg1 43. Re2 Qa1+ 44. Kb3 Qb1+ 45. Ka4 Qxe4 46. fxe4 Rd1 47. Nb5 Nc6 48. Rh2 Kg7 49. Rc2 Rc1 50. Rxc1 Bxc1 51. Nd6 Kf8 52. Kb5 Nd4+ 53. Kc4 Nc6 54. Kb5 Nd4+ 55. Kc4 Ne6 56. Nc8 a6 57. Nxb6 Bxa3 58. Kb3 Bc1 59. Ka4 Bd2 60. Ka5 Nc5 61. Nd5 Kf7 62. Nc7 Nxe4 63. Nxa6 Ke6 64. Kb5 Kd5 65. Nc7+ Kd4 66. Ne6+ Ke5 67. Nc5 Nd6+ 68. Kc6 Nf5 69. Nd7+ Ke6 70. Nc5+ Ke7 71. Nd3 Nd4+ 1/2-1/2

[Event "FIDE Chesscom Grand Swiss 2019"]
[Site "Douglas-Isle of Man"]
[Date "2019.10.15"]
[Round "6.18"]
[White "Tari, Aryan"]
[Black "Christiansen, Johan-Sebastian"]
[Result "1-0"]
[ECO "C11"]
[WhiteElo "2630"]
[BlackElo "2558"]
[Annotator "RC"]
[PlyCount "61"]
[EventDate "2019.10.10"]
[EventType "swiss"]
[EventCountry "GBR"]
[SourceTitle "playchess.com"]
[Source "ChessBase"]
[SourceQuality "1"]
[TimeControl "40/6000+30:20/3000+30:900+30"]

1. e4 e6 2. d4 d5 3. Nc3 Nf6 4. e5 Nfd7 5. f4 c5 6. Nf3 Nc6 7. Ne2 Be7 8. c3 Qb6 9. g3 O-O 10. Bh3 a5 11. O-O Qc7 12. Be3 b5 13. g4 f6 14. exf6 Nxf6 15. Ng3 b4 16. Qc2 bxc3 17. bxc3 Bd6 18. g5 Ne8 19. Ne2 cxd4 20. Nfxd4 Nxd4 21. Nxd4 Bxf4 22. Bxe6+ Kh8 23. Bxf4 Rxf4 24. Bxd5 Rb8 25. Qe4 Be6 26. Bxe6 Rxf1+ 27. Rxf1 Nd6 28. Qf4 Qd8 29. c4 a4 30. c5 Ne4 31. Nc6 1-0

[Event "FIDE Chesscom Grand Swiss 2019"]
[Site "Douglas-Isle of Man"]
[Date "2019.10.15"]
[Round "6.19"]
[White "Jones, Gawain C B"]
[Black "Saduakassova, Dinara"]
[Result "1/2-1/2"]
[ECO "C81"]
[WhiteElo "2688"]
[BlackElo "2481"]
[Annotator "RC"]
[PlyCount "125"]
[EventDate "2019.10.10"]
[EventType "swiss"]
[EventCountry "GBR"]
[SourceTitle "playchess.com"]
[Source "ChessBase"]
[SourceQuality "1"]
[TimeControl "40/6000+30:20/3000+30:900+30"]

1. e4 e5 2. Nf3 Nc6 3. Bb5 a6 4. Ba4 Nf6 5. O-O Nxe4 6. d4 b5 7. Bb3 d5 8. dxe5 Be6 9. Qe2 Be7 10. Rd1 O-O 11. c3 Nc5 12. Bc2 Bg4 13. b4 Na4 14. h3 Bh5 15. Bf4 Qd7 16. c4 Nb6 17. c5 Nc4 18. a3 Bxf3 19. Qd3 g6 20. Qxf3 N6xe5 21. Qxd5 Qxd5 22. Rxd5 Bf6 23. Ra2 c6 24. Rd1 Rfd8 25. Nd2 Nxd2 26. Rxd2 Rxd2 27. Bxd2 Rd8 28. Be4 Rd4 29. f3 Bg7 30. Bc3 Rd1+ 31. Kf2 f5 32. Bc2 Rc1 33. Bd2 Rh1 34. Bf4 Nc4 35. g4 Bd4+ 36. Ke2 Be5 37. Bxe5 Nxe5 38. gxf5 Rxh3 39. fxg6 hxg6 40. Ke3 Nc4+ 41. Kf4 g5+ 42. Kg4 Rh2 43. Kxg5 Kg7 44. Bb1 Rxa2 45. Bxa2 Nxa3 46. Bb3 Kf8 47. Kf4 Ke7 48. Ke3 Kf6 49. Ke4 Nb1 50. Kd3 Ke5 51. Kc2 Kd4 52. Kxb1 Kc3 53. Bd5 Kxb4 54. Bxc6 Kxc5 55. Be4 Kd4 56. Bc6 Ke3 57. Kc2 a5 58. Kc3 a4 59. Kb4 Kf4 60. Bd5 Ke3 61. Bc6 Kf4 62. Bxb5 Kxf3 63. Kxa4 1/2-1/2

[Event "FIDE Chesscom Grand Swiss 2019"]
[Site "Douglas-Isle of Man"]
[Date "2019.10.15"]
[Round "6.20"]
[White "Baron, Tal"]
[Black "Dubov, Daniil"]
[Result "1-0"]
[ECO "B45"]
[WhiteElo "2531"]
[BlackElo "2699"]
[Annotator "RC"]
[PlyCount "131"]
[EventDate "2019.10.10"]
[EventType "swiss"]
[EventCountry "GBR"]
[SourceTitle "playchess.com"]
[Source "ChessBase"]
[SourceQuality "1"]
[TimeControl "40/6000+30:20/3000+30:900+30"]

1. e4 c5 2. Nf3 Nc6 3. d4 cxd4 4. Nxd4 Nf6 5. Nc3 e6 6. Ndb5 Bc5 7. Bf4 O-O 8. Bc7 Qe7 9. Bd6 Bxd6 10. Qxd6 Qd8 11. Be2 a6 12. Nc7 Ra7 13. e5 Nxe5 14. Qxe5 b6 15. N7d5 Nxd5 16. Nxd5 exd5 17. O-O-O Re8 18. Qh5 g6 19. Qf3 d6 20. Rd2 Rae7 21. Qf6 b5 22. a3 Bf5 23. Rhd1 Qc8 24. Bd3 Bxd3 25. Rxd3 a5 26. Qxd6 Rc7 27. R3d2 b4 28. a4 Rc5 29. Kb1 Re6 30. Qf4 Qc6 31. b3 h5 32. f3 Qc8 33. g4 hxg4 34. Qxg4 Qc7 35. h4 Re5 36. Rg2 Kh7 37. Qd4 Rc3 38. f4 Rf5 39. Rf1 Qe7 40. h5 Rxh5 41. f5 Re3 42. Ka2 g5 43. Qxd5 Qc7 44. Qd4 Reh3 45. Re1 Qc3 46. Qd7 Qg7 47. Rf2 Rh2 48. Rxh2 Rxh2 49. Qc7 Rh6 50. Re7 Rf6 51. Qxa5 g4 52. Re1 Qg5 53. Rh1+ Rh6 54. Rg1 Rf6 55. Rh1+ Rh6 56. Rg1 Rf6 57. Qxb4 Qxf5 58. Qc4 Rg6 59. Rf1 Qe5 60. Qxf7+ Kh6 61. Qf8+ Rg7 62. Rf5 Qe7 63. Qh8+ Rh7 64. Qd4 Rg7 65. Qf4+ Rg5 66. Rf6+ 1-0

[Event "FIDE Chesscom Grand Swiss 2019"]
[Site "Douglas-Isle of Man"]
[Date "2019.10.15"]
[Round "6.21"]
[White "Inarkiev, Ernesto"]
[Black "Henderson de La Fuente, Lance"]
[Result "1-0"]
[ECO "C67"]
[WhiteElo "2693"]
[BlackElo "2494"]
[Annotator "RC"]
[PlyCount "97"]
[EventDate "2019.10.10"]
[EventType "swiss"]
[EventCountry "GBR"]
[SourceTitle "playchess.com"]
[Source "ChessBase"]
[SourceQuality "1"]
[TimeControl "40/6000+30:20/3000+30:900+30"]

1. e4 e5 2. Nf3 Nc6 3. Bb5 Nf6 4. O-O Nxe4 5. d4 Nd6 6. Bxc6 dxc6 7. dxe5 Nf5 8. Qxd8+ Kxd8 9. Nc3 Bd7 10. Rd1 Kc8 11. Ng5 Be8 12. b3 h6 13. Nge4 Bd7 14. Bb2 Be7 15. Rd3 Nh4 16. Ne2 Bf5 17. N2g3 Be6 18. Nh5 Rg8 19. f3 b6 20. g3 Ng6 21. Kg2 Kb7 22. g4 a5 23. a4 Rae8 24. Re1 Bb4 25. Ree3 Bd5 26. c4 Bxe4 27. Rxe4 Rd8 28. Rxd8 Rxd8 29. Rd4 Rxd4 30. Bxd4 Bf8 31. f4 Ne7 32. Kf3 c5 33. Bc3 Kc8 34. Ke4 g6 35. Nf6 Kd8 36. h4 Bg7 37. Nd5 Bf8 38. h5 gxh5 39. gxh5 Nc6 40. Nf6 Ke7 41. Kd5 Nb8 42. Ng8+ Ke8 43. f5 c6+ 44. Ke4 Na6 45. Bd2 Nb4 46. Bxh6 Bxh6 47. Nxh6 Nc2 48. f6 Nd4 49. Nf5 1-0